 Dungeon Crawl Stone Soup version 0.23.2 (webtiles) character file.

Game seed: 13665660985563273856

115 Fang the Skirmisher (level 5, 0/33 HPs)
             Began as a Gargoyle Berserker on Apr 9, 2019.
             Was a Believer of Trog.
             Slain by an orc
             ... wielding a +0 dagger
              (4 damage)
             ... on level 3 of the Dungeon.
             The game lasted 00:01:13 (2159 turns).

Fang the Skirmisher (Gargoyle Berserker)            Turns: 2159, Time: 00:01:14

Health: 0/33       AC:  8    Str: 21    XL:     5   Next: 0%
Magic:  5/5        EV: 12    Int:  8    God:    Trog [**....]
Gold:   125        SH:  0    Dex:  9    Spells: 4/4 levels left

rFire    . . .     SeeInvis .   a - +0 hand axe
rCold    . . .     Gourm    .   (no shield)
rNeg     + . .     Faith    .   b - +0 animal skin
rPois    ∞         Spirit   .   (no helmet)
rElec    +         Reflect  .   (no cloak)
rCorr    .         Harm     .   (no gloves)
MR       .....                  (no boots)
Stlth    +.........             (no amulet)
HPRegen  0.11/turn              j - +2 ring of protection
MPRegen  0.09/turn              (no ring)

@: no status effects
A: negative energy resistance 1, electricity resistance, unbreathing,
petrification resistance, rot immunity, AC +4
a: Berserk, Trog's Hand, Renounce Religion


You were on level 3 of the Dungeon.
You worshipped Trog.
Trog was pleased with you.
You were very hungry.

You visited 1 branch of the dungeon, and saw 3 of its levels.

You collected 125 gold pieces.

Inventory:

Hand Weapons
 a - a +0 hand axe (weapon)
Armour
 b - a +0 animal skin (worn)
Jewellery
 j - a +2 ring of protection (left hand)
Scrolls
 d - a scroll of immolation {unknown}
 g - a scroll of random uselessness {unknown}
 h - 2 scrolls of identify {unknown}
 i - a scroll of teleportation {unknown}
 k - a scroll of enchant armour {unknown}
Potions
 e - a potion of curing {unknown}
 l - a potion of cancellation {unknown}
 m - 2 potions of agility {unknown}
Comestibles
 c - 3 rations
 f - a chunk of flesh


   Skills:
 + Level 4.1 Fighting
 + Level 3.4 Axes
 + Level 3.2 Armour
 + Level 2.4 Dodging


You had 4 spell levels left.
You didn't know any spells.
Your spell library was empty.

Dungeon Overview and Level Annotations

Branches:
Dungeon (3/15)

Altars:
Elyvilon
Fedhas


Innate Abilities, Weirdness & Mutations

You are resistant to torment.
Your stone body is resilient. (AC +4)
You are immune to poison.
You resist negative energy. (rN+)
You are resistant to electric shocks. (rElec)
You can survive without breathing.
You are immune to petrification.
You are immune to rotting.


Message History

* * * LOW HITPOINT WARNING * * *
You closely miss the orc.
The orc is heavily wounded.
The orc hits you but does no damage.
You hit the orc.
The orc is almost dead.
The orc hits you but does no damage.
You are feeling very hungry.
You barely miss the orc.
The orc is severely wounded.
The orc hits you with a +0 dagger.
* * * LOW HITPOINT WARNING * * *
You hit the orc but do no damage.
The orc is severely wounded.
You recover from your berserk rage.
The orc barely misses you.
You barely miss the orc.
The orc is severely wounded.
The orc hits you with a +0 dagger.
You die...

.# #.. ..
###... ..##.
.#...# ....[.
....# ......
#/..##
.....##.....#
#..#...#
#...@.##
#.##.#.o#####..
......)).......
####.##!#######
...##(#
###.##.# #.##.#
##### #.##.#
...# #.##.#


You could see an orc.

Vanquished Creatures
  An orc wizard (D:3)
  5 adders
  2 worms (D:2)
  2 dart slugs
  2 orcs (D:3)
  4 goblins
  4 hobgoblins
  3 jackals (D:2)
  A quokka (D:2)
  2 bats (D:1)
  5 frilled lizards
  5 kobolds
  4 rats
40 creatures vanquished.

Notes
Turn   | Place    | Note
-------+----------+-------------------------------------------
     0 | D:1      | Fang the Gargoyle Berserker began the quest for the Orb.
     0 | D:1      | Reached XP level 1. HP: 14/14 MP: 1/1
   783 | D:1      | Reached XP level 2. HP: 18/19 MP: 2/2
  1357 | D:2      | Reached XP level 3. HP: 21/23 MP: 3/3
  1581 | D:2      | Found a blossoming altar of Fedhas.
  1824 | D:2      | Found a white marble altar of Elyvilon.
  1850 | D:2      | Reached XP level 4. HP: 16/29 MP: 4/4
  2086 | D:3      | Reached ** piety under Trog
  2113 | D:3      | Reached skill level 4 in Fighting
  2149 | D:3      | Reached XP level 5. HP: 5/33 MP: 5/5
  2159 | D:3      | Slain by an orc

Skill      XL: |  1  2  3  4 |
---------------+-------------+-----
Axes           | 3 |  3.4
Dodging        | 2 |  2.4
Armour         | 3 |  3.2
Fighting       | 4 |  4.1

Action                   |  1- 3 |  4- 6 || total
-------------------------+-------+-------++-------
Melee: Hand axe          |    95 |    76 ||   171
Invok: Berserk           |       |     1 ||     1
  Eat: Chunk             |     3 |     1 ||     4
Armor: Animal skin       |    21 |    30 ||    51
Dodge: Dodged            |    67 |    62 ||   129
